 Seeded DCSS version 0.29.1-15-g9cfb28693d (webtiles) character file.

Game seed: 16245865983455551772 (custom seed)

102 Atreus the Conjurer (level 4, -4/24 HPs)
             Began as a Tengu Conjurer on Mar 6, 2023.
             Was a Follower of Fedhas.
             Killed from afar by a white imp (12 damage)
             ... with a puff of frost
             ... summoned by Natasha
             ... on level 3 of the Dungeon.
             The game lasted 00:05:58 (2667 turns).

Atreus the Conjurer (Tengu Conjurer)                Turns: 2667, Time: 00:05:59

Health: -4/24      AC:  3    Str:  7    XL:     4   Next: 78%
Magic:  6/11       EV: 12    Int: 33    God:    Fedhas [*.....]
Gold:   107        SH:  0    Dex: 15    Spells: 0/11 levels left

rFire   . . .      SeeInvis .   f - staff of conjuration
rCold   . . .      Faith    .   (no shield)
rNeg    . . .      Spirit   .   a - +0 robe
rPois   .          Reflect  .   (helmet restricted)
rElec   .          Harm     .   (no cloak)
rCorr   .          Rampage  .   d - +0 pair of fencer's gloves {Riposte Dex+3}
Will    .....                   (boots unavailable)
Stlth   ++........              (no amulet)
HPRegen 0.08/turn               j - +6 ring of intelligence
MPRegen 0.12/turn               k - +6 ring of intelligence

@: no status effects
A: beak, talons 3
a: Renounce Religion


You were on level 3 of the Dungeon.
You worshipped Fedhas.
Fedhas was aware of your devotion.
You visited 1 branch of the dungeon, and saw 3 of its levels.

You collected 107 gold pieces.

Inventory:

Hand Weapons
 c - a +0 dagger
 e - the +6 demon blade of Kant {venom, Drain rC+ Will+}
   (You acquired it on level 1 of the Dungeon)

   It poisons the flesh of those it strikes.
   rC:        It protects you from cold.
   Drain:     It drains your maximum health when unequipped.
   Will:      It increases your willpower.
Armour
 a - a +0 robe (worn)
 d - the +0 pair of fencer's gloves (worn) {Riposte Dex+3}
   (You acquired it on level 1 of the Dungeon)

   It allows the wearer to riposte with melee weapons, swiftly retaliating
   against missed or blocked melee attacks.
   Dex:       It affects your dexterity (+3).
Magical Staves
 f - a staff of conjuration (weapon)
Jewellery
 j - a +6 ring of intelligence (left hand)
 k - a +6 ring of intelligence (right hand)
Wands
 q - a wand of roots (4)
Scrolls
 i - 2 scrolls of teleportation {unknown}
 l - 2 scrolls of identify {unknown}
 n - a scroll of summoning {unknown}
 o - a scroll of enchant weapon {unknown}
 p - a scroll of immolation {unknown}
 r - a scroll of noise {unknown}
Potions
 b - a potion of magic
 g - a potion of might {unknown}
 h - 2 potions of flight {unknown}
 m - a potion of lignification {unknown}


   Skills:
 - Level 2.1 Dodging
 - Level 2.0 Stealth
 - Level 4.0 Spellcasting
 + Level 6.0 Conjurations


You couldn't memorise any spells.
You knew the following spells:

 Your Spells              Type           Power      Damage    Failure   Level
a - Magic Dart            Conj           100%       1d8       1%          1
b - Searing Ray           Conj           100%       2d8       1%          2
c - Fulminant Prism       Conj/Hex       19%        3d11      16%         4
d - Iskenderun's Mystic   Conj/Tloc      39%        2d9       16%         4

Your spell library contained the following spells:

 Spells                   Type           Power      Damage    Failure   Level
 Dazzling Flash           Conj/Hex       78%        N/A       4%          3
 Sting                    Tmut/Pois      24%        1d4       5%          1
 Poisonous Vapours        Pois/Air       12%        N/A       8%          2
 Olgreb's Toxic Radiance  Pois           6%         N/A       45%         4
 Chain Lightning          Conj/Air       19%        3d26      100%        9
 Fire Storm               Conj/Fire      19%        8d5       100%        9
 Shatter                  Erth           3%         3d7*      100%        9


Dungeon Overview and Level Annotations

Branches:
Dungeon (3/15)

Altars:
Fedhas

Annotations:
D:3 Natasha


Innate Abilities, Weirdness & Mutations

You have a beak for a mouth.
You have claws for feet.


Message History

Natasha is nearby!
Aiming: Magic Dart (safe; 1% risk of failure)
Press: ? - help, Q - select action, (/) - cycle Shift-Dir - straight line, f - Natasha
Aim: Natasha (wandering, hasn't noticed you, 100% to hit)
You feel a surge of power!
The magic dart hits Natasha.
Natasha is lightly wounded.
Unknown command.
Aiming: Magic Dart (safe; 1% risk of failure)
Press: ? - help, Q - select action, (/) - cycle Shift-Dir - straight line, f/p - Natasha
Aim: Natasha (lightly wounded, 100% to hit)
You feel a surge of power!
The magic dart hits Natasha!
Natasha is heavily wounded.
Natasha casts a spell.
Aiming: Magic Dart (safe; 1% risk of failure)
Press: ? - help, Q - select action, (/) - cycle Shift-Dir - straight line, f/p - Natasha
Aim: Natasha (heavily wounded, 100% to hit)
You feel a surge of power!
The magic dart hits Natasha.
Natasha is severely wounded.
Natasha casts a spell at you. The magic dart hits you!
Aiming: Magic Dart (safe; 1% risk of failure)
Press: ? - help, Q - select action, (/) - cycle Shift-Dir - straight line, f/p - Natasha
Aim: Natasha (severely wounded, 100% to hit)
You feel a surge of power!
The magic dart hits Natasha.
Natasha is severely wounded.
Natasha drinks a potion.
Natasha is healed!
The white imp gestures at you. The puff of frost hits you!
Aiming: Magic Dart (safe; 1% risk of failure)
Press: ? - help, Q - select action, (/) - cycle Shift-Dir - straight line, f/p - Natasha
Aim: Natasha (100% to hit)
You feel a surge of power!
The magic dart hits Natasha.
Natasha is lightly wounded.
Natasha wildly gestures.
Natasha shimmers violently.
The white imp gestures at you. The puff of frost hits you!
Ouch! That really hurt!
You die...
Fedhas appreciates your contribution to the ecosystem.

..# ..# ... ..# ##'##
... ..## #..5. ....
...# ... ..... ...#
### .h. ..... .÷.##
##.### ###'##.....
....###....###..$...#
.....##...#.##..@...#
...........###..†...#
....##P##...##......#
'#######...###......#
..# #######..)...#
#.## #.......# #..#
####'#### ##.##
######.# #<.##
#....#'##


You could see Natasha and a white imp (summoned).

Vanquished Creatures
  Jessica (D:2)
  Natasha (D:3)
  2 adders
  3 ball pythons
  2 bats
  4 endoplasms (D:1)
  2 goblins (D:1)
  6 hobgoblins
  3 kobolds
  3 quokkas (D:1)
  A frilled lizard (D:1)
  5 rats
33 creatures vanquished.

Vanquished Creatures (others)
  A plant (D:3)
1 creature vanquished.

Grand Total: 34 creatures vanquished

Notes
Turn   | Place    | Note
-------+----------+-------------------------------------------
     0 | D:1      | Atreus the Tengu Conjurer began the quest for the Orb.
     0 | D:1      | Reached XP level 1. HP: 10/10 MP: 4/4
    77 | D:1      | Identified 3 scrolls of acquirement
    77 | D:1      | Acquired the +6 demon blade of Kant {venom, Drain rC+
                  | Will+}
    79 | D:1      | Acquired a staff of conjuration
    81 | D:1      | Acquired the +0 pair of fencer's gloves {Riposte Dex+3}
    81 | D:1      | Found the +0 pair of fencer's gloves {Riposte Dex+3}
   109 | D:1      | Reached XP level 2. HP: 15/15 MP: 0/6
   234 | D:1      | Found a faded altar of an unknown god.
   240 | D:1      | Prayed at the altar of an unknown god.
   240 | D:1      | Became a worshipper of Fedhas Madash
   240 | D:1      | Reached * piety under Fedhas
   244 | D:1      | Learned a level 2 spell: Searing Ray
  1041 | D:1      | Reached XP level 3. HP: 19/19 MP: 3/7
  1250 | D:2      | Noticed Jessica
  1252 | D:2      | Killed Jessica
  1610 | D:2      | Reached XP level 4. HP: 24/24 MP: 6/10
  2172 | D:2      | Learned a level 4 spell: Fulminant Prism
  2323 | D:3      | Noticed Natasha
  2333 | D:3      | Killed Natasha
  2630 | D:3      | Learned a level 4 spell: Iskenderun's Mystic Blast
  2643 | D:3      | Reached skill level 6 in Conjurations
  2662 | D:3      | Noticed Natasha
  2667 | D:3      | Killed from afar by a white imp

Illustrated notes

Levels and vault maps discovered:
D:1:      minmay_arrival_hallway, layout_loops_corners, basic_ecumenical_altar,
          minmay_unequal
D:2:      layout_loops_ring, uniq_jessica
D:3:      layout_basic, serial_shops, nicolae_shop_advertising_works
          [nicolae_subvault_shop_adworks], minmay_shallow_snake_nest,
          uniq_natasha

Skill      XL: |  1  2  3  4 |
---------------+-------------+-----
Spellcasting   | 3 4 |  4.0
Conjurations   | 6 |  6.0
Dodging        | |  2.1
Stealth        | |  2.0

Action                   |  1- 3 |  4- 6 || total
-------------------------+-------+-------++-------
Melee: Staff             |     8 |     4 ||    12
       Kick              |     4 |     2 ||     6
       Peck              |       |     1 ||     1
 Cast: Magic Dart        |    31 |    17 ||    48
       Searing Ray       |     1 |     2 ||     3
  Use: Scroll            |     3 |       ||     3
 Stab: Sleeping          |     2 |       ||     2
Armor: Robe              |     3 |     7 ||    10
Dodge: Dodged            |     9 |    13 ||    22
       Rpst.: Staff      |     2 |     6 ||     8
